 Dungeon Crawl Stone Soup version 0.28.0-43-g3370ac3207 (webtiles) character file.

Game seed: 13949251132633260492

10278 H0rd4k the Eclecticist (level 11, 0/56 HPs)
             Began as a Deep Elf Hedge Wizard on Mar 15, 2022.
             Was an Initiate of Gozag.
             Slain by a cane toad (7 damage)
             ... on level 1 of the Lair of Beasts.
             The game lasted 00:38:49 (19585 turns).

H0rd4k the Eclecticist (Deep Elf Hedge Wizard)     Turns: 19585, Time: 00:38:49

Health: 0/56       AC:  6    Str:  7    XL:     11   Next: 34%
Magic:  0/32       EV: 14    Int: 26    God:    Gozag
Gold:   1279       SH:  0    Dex: 14    Spells: 23/41 levels left

rFire   + . .      SeeInvis +   y - staff of air
rCold   + . .      Faith    .   (no shield)
rNeg    . . .      Spirit   +   M - +2 robe {rC+ rF+}
rPois   .          Reflect  .   c - +2 hat
rElec   +          Harm     .   (no cloak)
rCorr   .          Rampage  .   (no gloves)
Will    ++...                   (no boots)
Stlth   ++........              E - amulet of guardian spirit
HPRegen 0.18/turn               u - ring of see invisible
MPRegen 0.23/turn               d - ring "Ipnacs" {+Blink Will+ Int+2 Slay+4}

@: on blink cooldown
A: no striking features
a: Renounce Religion, Evoke Blink, Potion Petition, Call Merchant, Bribe Branch


You were on level 1 of the Lair of Beasts.
You worshipped Gozag.
Gozag was most pleased with you.
You visited 3 branches of the dungeon, and saw 13 of its levels.

You collected 1426 gold pieces.
You paid 147 gold pieces to Gozag.

Inventory:

Hand Weapons
 a - a +0 dagger
 t - a +3 hunting sling of freezing
Missiles
 q - 4 throwing nets
Armour
 c - a +2 hat (worn)
 A - a scarf of harm
 M - a +2 robe of resistance (worn)
Magical Staves
 y - a staff of air (weapon)
Jewellery
 d - the ring "Ipnacs" (right hand) {+Blink Will+ Int+2 Slay+4}
   (You found it on level 11 of the Dungeon)

   [ring of slaying]

   Int:       It affects your intelligence (+2).
   Slay:      It affects your accuracy & damage with ranged weapons and melee
   (+4).
   +Blink:    It lets you blink.
   Will:      It increases your willpower.
 p - an amulet of the acrobat
 u - a ring of see invisible (left hand)
 E - an amulet of guardian spirit (around neck)
Wands
 B - a wand of flame (28)
 K - a wand of digging (4)
Scrolls
 f - a scroll of enchant armour
 i - 2 scrolls of enchant weapon
 m - 2 scrolls of magic mapping {unknown}
 o - a scroll of torment {unknown}
 r - 2 scrolls of teleportation
 v - 2 scrolls of noise {unknown}
 w - 3 scrolls of fog
 D - a scroll of brand weapon {unknown}
 F - 2 scrolls of holy word {unknown}
 G - 2 scrolls of vulnerability {unknown}
 J - a scroll of blinking {unknown}
Potions
 b - a potion of mutation
 e - 3 potions of lignification
 g - 2 potions of cancellation
 h - a potion of might
 j - 2 potions of curing
 k - 5 potions of haste
 l - 2 potions of attraction
 H - a potion of berserk rage
 L - a potion of flight
Miscellaneous
 x - a condenser vane (inert)


   Skills:
 + Level 1.1 Fighting
 + Level 5.8 Dodging
 - Level 2.4 Stealth
 + Level 15.5 Spellcasting
 + Level 10.4 Conjurations
 + Level 3.7 Hexes
 * Level 3.8 Summonings
 + Level 3.3 Translocations
 + Level 3.9 Fire Magic
 + Level 3.9 Air Magic
 + Level 3.2 Poison Magic
 + Level 0.9 Evocations


You had 23 spell levels left.
You knew the following spells:

 Your Spells              Type           Power      Damage    Failure   Level
a - Magic Dart            Conj           100%       1d8       1%          1
b - Blink                 Tloc           74%        N/A       1%          2
c - Conjure Flame         Conj/Fire      55%        6-21      1%          3
d - Mephitic Cloud        Conj/Pois/Air  66%        N/A       1%          3
e - Tukima's Dance        Hex            39%        N/A       1%          3
f - Summon Cactus Giant   Summ           20%        N/A       63%         6

Your spell library contained the following spells:

 Spells                   Type           Power      Damage    Failure   Level
 Slow                     Hex            100%       N/A       1%          1
 Call Imp                 Summ           40%        N/A       1%          2
 Scorch                   Fire           80%        2d9       1%          2
 Gell's Gravitas          Tloc           37%        N/A       1%          3
 Teleport Other           Tloc           37%        N/A       1%          3
 Flame Wave               Conj/Fire      55%        2d11      1%          4
 Fireball                 Conj/Fire      27%        3d12      3%          5
 Anguish                  Hex/Necr       14%        N/A       12%         4
 Starburst                Conj/Fire      27%        6d9       22%         6
 Dispersal                Tloc           18%        N/A       71%         6
 Enfeeble                 Hex            19%        N/A       99%         7
 Ignition                 Fire           20%        3d7       100%        8


Dungeon Overview and Level Annotations

Branches:
Dungeon (11/15)            Temple (1/1) D:7            Lair (1/6) D:10
    Orc: D:9-12

Altars:
Ashenzari
Cheibriados
Dithmenos
Elyvilon
Fedhas
Gozag
Hepliaklqana
Kikubaaqudgha
Makhleb
Nemelex Xobeh
Okawaru
Qazlal
Ru
Sif Muna
Trog
Uskayaw
Vehumet
Wu Jian
Xom
Yredelemnul
Zin
The Shining One

Annotations:
D:7 1 runed translucent door, exclusion: door, crompyre's ghost, novice GnIE
D:8 exclusion: 2 downstairs
D:9 exclusion: downstairs, Erolcha
D:10 exclusion: 2 downstairs


Message History

The water moccasin bites you.
You are poisoned.
The water moccasin poisons you!
You feel very sick. The water moccasin bites you.
* * * LOW HITPOINT WARNING * * *
Casting: Blink (safe; 1% risk of failure)
Confirm with . or Enter, or press ? or * to list all spells.
You blink.
You feel yourself speed up.
You feel very sick.
Being near the torpor snail leaves you feeling lethargic.
As you read the scroll of teleportation, it crumbles to dust.
You feel strangely unstable.
You feel stable enough to blink again.
You feel sick.
You feel sick.
Your surroundings suddenly seem different. 4 wolves and a cane toad come into view.
Found a stone staircase leading down.
You feel sick.
The wolf howls!
A wolf comes into view.
The cane toad misses you.
Unknown command.
You feel better.
You feel yourself speed up. The cane toad closely misses you.
The wolf misses you. The wolf closely misses you. The cane toad stings you!
* * * LOW HITPOINT WARNING * * *
The wolf closely misses you.
Casting: Blink (safe; 1% risk of failure)
Confirm with . or Enter, or press ? or * to list all spells.
You blink.
Unknown command.
Okay, then.
As you read the scroll of fear, it crumbles to dust.
You assume a fearsome visage.
The wolf looks frightened! x3
The cane toad resists with some effort.
The cane toad stings you!
You die...
Your body crumbles into a pile of gold.

#. # # .# .#
#.# .># #
######.h#...#
#.@F.h.h....h
#P.######....#
##. .## .. #..
##. .. #.


You could see a cane toad and 3 wolves.

Vanquished Creatures
  Harold (D:7)
  Erica (D:8)
  Pikel (D:7)
  A manticore (D:10)
  A cane toad (Lair:1)
  A demonic crawler (D:10)
  A komodo dragon (D:10)
  3 trolls (D:10)
  Grinder (D:3)
  Sigmund (D:3)
  9 yaks
  A wyvern (D:9)
  A steam dragon (D:8)
  3 swamp worms (D:10)
  3 water moccasins
  2 orc warriors
  2 sky beasts (D:5)
  3 necrophages (D:8)
  5 black bears (D:10)
  2 ogres
  5 centaurs
  A lemure (D:7)
  A kobold brigand (D:9)
  2 bullfrogs
  A wyvern zombie (D:8)
  2 scorpions
  12 wights
  A howler monkey (D:9)
  2 bullfrog zombies
  4 centaur zombies
  2 hounds
  A jelly (D:7)
  6 orc priests
  A gnoll shaman (D:7)
  Crazy Yiuf (D:7)
  2 iguanas
  Natasha (thrice) (D:2)
  19 orc wizards
  A killer bee zombie (D:8)
  A mummy (D:8)
  Robin (D:3)
  10 gnolls
  6 adders
  2 worms
  3 dart slugs
  38 orcs
  5 ball pythons
  4 bats
  6 endoplasms
  2 giant cockroaches
  17 goblins
  7 hobgoblins
  13 kobolds
  4 quokkas
  2 rats
231 creatures vanquished.

Vanquished Creatures (collateral kills)
  A wight (D:10)
1 creature vanquished.

Vanquished Creatures (others)
  4 dancing weapons
  An orc wizard (D:8)
  An orc (D:8)
  41 fungi
  59 plants
106 creatures vanquished.

Grand Total: 338 creatures vanquished

Notes
Turn   | Place    | Note
-------+----------+-------------------------------------------
     0 | D:1      | H0rd4k the Deep Elf Hedge Wizard began the quest for the
                  | Orb.
     0 | D:1      | Reached XP level 1. HP: 10/10 MP: 7/7
   369 | D:1      | Reached XP level 2. HP: 15/15 MP: 4/9
   452 | D:1      | Reached skill level 5 in Spellcasting
  1324 | D:2      | Noticed Natasha
  1485 | D:3      | Noticed Robin
  1552 | D:3      | Reached XP level 3. HP: 19/19 MP: 4/12
  1835 | D:3      | Noticed Grinder
  2142 | D:4      | Learned a level 2 spell: Blink
  2146 | D:4      | Learned a level 3 spell: Conjure Flame
  2150 | D:4      | Learned a level 3 spell: Mephitic Cloud
  2195 | D:4      | Found an ancient bone altar of Kikubaaqudgha.
  2824 | D:4      | Reached XP level 4. HP: 24/24 MP: 10/13
  3013 | D:3      | Paralysed by Grinder for 2 turns
  3141 | D:5      | Entered Level 5 of the Dungeon
  3141 | D:5      | Noticed a scorpion
  3169 | D:5      | Noticed a sky beast
  3204 | D:5      | Noticed an ogre
  3213 | D:5      | Noticed a sky beast
  3221 | D:5      | Killed an ogre
  3222 | D:5      | Reached skill level 6 in Spellcasting
  3222 | D:5      | Reached skill level 1 in Air Magic
  3222 | D:5      | Reached skill level 1 in Poison Magic
  3222 | D:5      | Reached XP level 5. HP: 28/28 MP: 5/15
  3224 | D:5      | Killed a sky beast
  3225 | D:5      | Reached skill level 1 in Fire Magic
  3350 | D:4      | Reached XP level 6. HP: 23/32 MP: 5/17
  3602 | D:5      | Found a blossoming altar of Fedhas.
  3612 | D:5      | Found a broken altar of Ashenzari.
  3692 | D:5      | Noticed a water moccasin
  3700 | D:5      | Killed a water moccasin
  3701 | D:5      | Reached skill level 7 in Spellcasting
  4406 | D:5      | Reached XP level 7. HP: 35/35 MP: 11/19
  5174 | D:6      | Found a glowing golden altar of the Shining One.
  5178 | D:6      | Reached skill level 5 in Conjurations
  5250 | D:6      | Reached skill level 8 in Spellcasting
  5704 | D:6      | Reached XP level 8. HP: 41/41 MP: 3/22
  5851 | D:6      | You fall into a shaft and drop 3 floors!
  5851 | D:9      | Noticed Erolcha
  6180 | D:9      | Reached skill level 9 in Spellcasting
  7183 | D:7      | Noticed Harold
  7419 | D:8      | Noticed Erica
  7537 | D:8      | Reached skill level 10 in Spellcasting
  7868 | D:8      | Found a shimmering blue altar of Sif Muna.
  8044 | D:8      | Killed Erica
  8045 | D:8      | Reached skill level 11 in Spellcasting
  8045 | D:8      | Reached XP level 9. HP: 45/45 MP: 13/26
  8456 | D:8      | Found a sparkling altar of Nemelex Xobeh.
  8539 | D:7      | Killed Harold
  8540 | D:7      | Reached skill level 12 in Spellcasting
  8543 | D:7      | Found a bloodstained altar of Trog.
  9570 | D:7      | Found a staircase to the Ecumenical Temple.
  9583 | Temple   | Entered the Ecumenical Temple
  9778 | Temple   | Became a worshipper of Gozag Ym Sagoz the Greedy
  9794 | D:7      | Found a runed translucent door.
  9802 | D:7      | Noticed crompyre's ghost (novice GnIE)
  9952 | D:7      | Reached skill level 5 in Dodging
 10176 | D:7      | Noticed Pikel
 10256 | D:7      | Killed Pikel
 10257 | D:7      | Reached XP level 10. HP: 51/51 MP: 17/28
 10802 | D:7      | Found a runed translucent door.
 10803 | D:7      | Noticed Crazy Yiuf
 11603 | D:3      | Found a hazy altar of Hepliaklqana.
 11618 | D:3      | Found a glowing silver altar of Zin.
 11830 | D:3      | Killed Grinder
 11831 | D:3      | Reached skill level 13 in Spellcasting
 12080 | D:3      | Found an ornate altar of the Wu Jian Council.
 12113 | D:3      | Noticed Sigmund
 12125 | D:3      | Killed Sigmund
 12268 | D:3      | Found a faded altar of an unknown god.
 12331 | D:3      | Killed Robin
 12926 | D:2      | Killed Natasha
 13509 | D:2      | Noticed Natasha
 13511 | D:2      | Killed Natasha
 13827 | D:2      | Noticed Natasha
 13832 | D:2      | Killed Natasha
 14035 | D:7      | Killed Crazy Yiuf
 14581 | D:9      | Reached skill level 14 in Spellcasting
 15192 | D:9      | Found a hide-covered altar of Uskayaw.
 15352 | D:10     | Entered Level 10 of the Dungeon
 15363 | D:10     | Learned a level 3 spell: Tukima's Dance
 15370 | D:10     | Learned a level 6 spell: Summon Cactus Giant
 15387 | D:10     | Found a stormy altar of Qazlal.
 15714 | D:10     | Reached skill level 1 in Hexes
 16037 | D:10     | Reached skill level 10 in Conjurations
 16239 | D:10     | Found a staircase to the Lair.
 16946 | D:10     | Reached skill level 1 in Fighting
 16946 | D:10     | Reached XP level 11. HP: 36/56 MP: 1/31
 17185 | D:10     | Reached skill level 15 in Spellcasting
 18765 | D:11     | Identified the ring "Ipnacs" {+Blink Will+ Int+2 Slay+4}
 18890 | D:11     | Noticed a boulder beetle
 19164 | D:11     | Noticed a seven-headed hydra
 19448 | Lair:1   | Entered Level 1 of the Lair of Beasts
 19575 | Lair:1   | Noticed a death yak
 19585 | Lair:1   | Slain by a cane toad

Illustrated notes

Levels and vault maps discovered:
D:1:      erik_arrival_cave_to_civilisation [erik_arrival_cave_to_hall],
          layout_rooms, serial_co_window_serial, co_window_corner_a,
          co_window_cross_1, co_window_of_opportunity_a,
          co_window_of_opportunity_a, co_window_corner_a,
          co_window_of_opportunity_b, co_window_unsneaky_path_d,
          co_window_of_opportunity_c, co_window_corner_b, co_window_broadway_a,
          glass_columns_b, glass_columns_a, glass_columns_a, glass_columns_b,
          glass_columns_c
D:2:      layout_basic, minivault_11, hangedman_decor_growths, minivault_26,
          uniq_natasha
D:3:      layout_basic, mainiacjoe_overflow_alcove_2, mainiacjoe_overflow_swirl,
          hellmonk_ecumenical_altar_crossroads, uniq_sigmund, uniq_robin,
          uniq_grinder
D:4:      layout_gridville, nicolae_kikubaaqudgha_miasma_corner
D:5:      layout_rooms, mainiacjoe_overflow_large_starburst
D:6:      minmay_flawed_box, layout_loops_cross,
          mainiacjoe_overflow_concentric_impassable, serial_bayou_pond_d
D:7:      layout_rooms, trog_book, minmay_temple_entry_junction,
          hellmonk_ghost_happy_afterlife, minivault_1, uniq_crazy_yiuf_cottage,
          uniq_pikel, uniq_harold
D:8:      layout_loops_corners, general_overflow_altar,
          mainiacjoe_overflow_cross_hatched, serial_undead, serial_undead_b,
          serial_undead_a, serial_undead_d, serial_undead_a, uniq_erica
D:9:      layout_stronghold, mainiacjoe_overflow_tiny_flanked, uniq_erolcha
D:10:     layout_long_grid, mainiacjoe_overflow_paths,
          due_lair_maze_entry_diamond, worms_lemuel
D:11:     layout_rooms, orc_0_dummy, worldfamousw_hep_ancestral_shrine
Temple:   dpeg_chambers_temple
Lair:1:   layout_loops_ring, uniq_nergalle

Skill      XL: |  1  2  3  4  5  6  7  8  9 10 11 |
---------------+----------------------------------+-----
Spellcasting   | 5 6 7 8 11 12 14 15 | 15.5
Conjurations   | 2 3 4 5 7 9 10 | 10.4
Dodging        | 3 4 5 |  5.8
Air Magic      | 1 2 3 |  3.9
Poison Magic   | 1 2 3 |  3.2
Fire Magic     | 1 2 3 |  3.9
Translocations | 2 3 |  3.3
Hexes          | 2 3 |  3.7
Summonings     | 2 3 |  3.8
Fighting       | 1 |  1.1
Stealth        | |  2.4
Evocations     | |  0.9

Action                   |  1- 3 |  4- 6 |  7- 9 | 10-12 || total
-------------------------+-------+-------+-------+-------++-------
Melee: Staff             |       |       |     1 |     6 ||     7
 Cast: Magic Dart        |   108 |    55 |   335 |   533 ||  1031
       Conjure Flame     |     1 |     5 |    24 |    48 ||    78
       Mephitic Cloud    |       |     5 |    15 |    24 ||    44
       Blink             |       |     1 |    11 |    33 ||    45
       Tukima's Dance    |       |       |       |    11 ||    11
Evoke: Wand              |       |     1 |     5 |    12 ||    18
       Condenser vane    |       |       |       |     1 ||     1
  Use: Scroll            |       |       |     4 |    14 ||    18
       Potion            |       |       |       |     2 ||     2
Armor: Robe              |     2 |     4 |     8 |    23 ||    37
Dodge: Dodged            |     8 |     9 |    53 |   137 ||   207
